 Dungeon Sprint DCSS version 0.18-a0-1797-gc18daef (webtiles) character file.

20381 Kidiri the Severer (level 12, -19/115 HPs)
             Began as a Hill Orc Fighter on Apr 22, 2016.
             Was the Champion of Beogh.
             Killed from afar by a crystal guardian (42 damage)
             ... with a crystal bolt
             ... in the Dungeon (Sprint V: "Ziggurat Sprint").
             The game lasted 00:10:24 (1511 turns).

Kidiri the Severer (Hill Orc Fighter)               Turns: 1511, Time: 00:10:25

Health: -19/115    AC: 31    Str: 39    XL:     12   Next: 78%
Magic:  0/22       EV:  8    Int:  8    God:    Beogh [******]
Gold:   0          SH: 35    Dex: 10    Spells: 0 memorised, 11 levels left

rFire  . . .     SeeInvis +     a - +14 obsidian axe {chop, +Fly Str+3 SInv *Curse} (curse)
rCold  + + +     Gourm    .     b - +15 Maxwell's patent armour {-Cast -Tele rElec MR+ rCorr}
rNeg   + + .     Faith    .     c - +18 shield of the gong {rElec rN+ MR+ EV-5}
rPois  .         Spirit   +     (no helmet)
rElec  +         Dismiss  .     C - +0 cloak "Toutyzon" {rF- rC+++ rN+ Slay+3} (curse)
rCorr  +         Reflect  .     (no gloves)
SustAt .         Harm     .     (no boots)
MR     ++...     NoTele   +     P - amulet "Retom" {Spirit *Corrode +Blink +Inv rF+}
Stlth  .......... NoCast   +    E - +6 ring of strength
                                D - +6 ring of strength

@: mesmerised, studying 3 skills, very resistant to hostile enchantments,
extremely unstealthy
A: walk on water, deformed body, wild magic 1
a: Smiting, Recall Orcish Followers, Give Item to Named Follower, Resurrection,
Renounce Religion, Evoke Blink, Evoke Invisibility, Evoke Flight


You were in the Dungeon.
You worshipped Beogh.
Beogh was exalted by your worship.
You were not hungry.

You visited 1 branch

Inventory:

Hand Weapons
 a - the cursed +14 obsidian axe (weapon) {chop, +Fly Str+3 SInv *Curse}
   (You found it in the Dungeon)

   It inflicts extra damage upon your enemies.
   It affects your strength (+3).
   It lets you see invisible.
   It lets you fly.
   It may re-curse itself when equipped.
   It has a curse placed upon it.
 B - a +3 long sword of freezing
Armour
 b - the +15 Maxwell's patent armour (worn) {-Cast -Tele rElec MR+ rCorr}
   (You found it in the Dungeon)

   It insulates you from electricity.
   It affects your resistance to hostile enchantments.
   It prevents spellcasting.
   It prevents most forms of teleportation.
   It protects you from acid and corrosion.
 c - the +18 shield of the gong (worn) {rElec rN+ MR+ EV-5}
   (You found it in the Dungeon)

   It affects your evasion (-5).
   It insulates you from electricity.
   It protects you from negative energy.
   It affects your resistance to hostile enchantments.
 C - the cursed +0 cloak "Toutyzon" (worn) {rF- rC+++ rN+ Slay+3}
   (You found it in the Dungeon)

   It affects your accuracy and damage with ranged weapons and melee attacks
   (+3).
   It makes you vulnerable to fire.
   It renders you almost immune to cold.
   It protects you from negative energy.
   It has a curse placed upon it.
Jewellery
 y - the ring "Hauff" {rF+ rC+ rN+ Str-3 Int+2}
   (You found it in the Dungeon)

   [ring of positive energy]

   It affects your strength (-3).
   It affects your intelligence (+2).
   It protects you from fire.
   It protects you from cold.
   It protects you from negative energy.
 D - a +6 ring of strength (left hand)
 E - a +6 ring of strength (right hand)
 P - the amulet "Retom" (around neck) {Spirit *Corrode +Blink +Inv rF+}
   (You found it in the Dungeon)

   [amulet of guardian spirit]

   It causes incoming damage to be split between your health and magic.
   It protects you from fire.
   It lets you turn invisible.
   It lets you blink.
   It may corrode you when you take damage.
Wands
 F - a wand of disintegration (7/24)
 G - a wand of iceblast (5/15)
 H - a wand of lightning (5/15)
 I - a wand of acid (5/15)
Scrolls
 k - 4 scrolls of blinking
 q - 4 scrolls of amnesia
 r - 3 scrolls of recharging
 s - 7 scrolls of fog
 t - a scroll of holy word
 u - 3 scrolls of identify
 v - 5 scrolls of remove curse
 w - 2 scrolls of fear
 A - a scroll of brand weapon
Potions
 d - 6 potions of might
 e - 7 potions of curing
 g - 9 potions of heal wounds
 h - 6 potions of haste
 i - 7 potions of magic
 j - 3 potions of berserk rage
 l - 2 potions of brilliance
 m - 2 potions of invisibility
 n - 4 potions of resistance
 p - 6 potions of agility
Books
 J - a manual of Summonings
 K - a manual of Bows
 O - a manual of Slings
Miscellaneous
 o - a plain deck of defence {drawn: 1}
 N - a plain deck of summoning {the Dance}
Comestibles
 f - 5 bread rations
 x - 42 fruits
 z - 4 meat rations


   Skills:
 + Level 13.4 Fighting
 * Level 18.8 Axes
 * Level 16.5 Armour
 + Level 9.5 Dodging
 * Level 16.5 Shields
 + Level 13.8 Invocations


You had 11 spell levels left.
You didn't know any spells.

Dungeon Overview and Level Annotations

Branches:
Dungeon (1/1)

Altars:
Ashenzari
Cheibriados
Dithmenos
Elyvilon
Fedhas
Gozag
Kikubaaqudgha
Makhleb
Nemelex Xobeh
Okawaru
Pakellas
Qazlal
Ru
Sif Muna
Trog
Vehumet
Xom
Yredelemnul
Zin
The Shining One
Beogh
Jiyva
Lugonu


Innate Abilities, Weirdness & Mutations

You can walk on water.
Armour fits poorly on your strangely shaped body.
Your spells are a little harder to cast, but a little more powerful.


Message History

You destroy the crystal guardian!
You slash the crystal guardian!
The crystal guardian is almost destroyed.
You slash the quicksilver dragon!
The quicksilver dragon is moderately wounded.
You slice the quicksilver dragon!!
You kill the quicksilver dragon!
Beogh accepts your kill.
You hit the crystal guardian but do no damage.
You open a gate to Pandemonium!
A demon appears!
The crystal guardian is heavily damaged.
Visions of slaying the quicksilver dragon flood into your mind.
The quicksilver dragon breathes dispelling energy at you.
You block the bolt of dispelling energy.
GONNNNG!
The crystal guardian fires a crystalline bolt at you.
The crystal bolt burns you!
* * * LOW HITPOINT WARNING * * *
The crystal bolt burns you!
You die...

▓...)....▓.
▓▓▓▓▓▓▓▓▓▓▓▓▓...))...▓.
▓....8©8....▓....)...▓.
▓..)??)}[[..▓.▓....▓.▓.
▓...=):)=:..▓........▓.
▓....E8.....▓▓▓▓▓▓▓▓▓▓▓
▓....9DEE...▓...8©8...▓
▓...88388...▓..:)):...▓
▓...3D@†3...▓....))...▓
▓..▓.....▓..▓.........▓
▓▓...▓▓ ▓....\....▓
▓..▓.....▓..▓.....)...▓
▓...........▓.........▓
▓▓▓▓▓▓▓▓▓▓▓▓▓.▓.....▓.▓
▓....8©8....▓.........▓
▓..}[|:oo"..▓▓▓▓▓▓▓▓▓▓▓
▓...)}oo....▓...8©8...▓


You could see 3 iron golems, an iron dragon, a quicksilver dragon, 2 crystal
guardians, 3 earth elementals, a gargoyle, a friendly soul eater, a friendly
smoke demon and a friendly neqoxec.

Vanquished Creatures
  A quicksilver dragon (D)
  A vault warden (D)
  A deep elf demonologist (D)
  A crystal guardian (D)
  A mummy priest (D)
  2 vault guards (D)
  2 dancing weapons (D)
  2 deep elf archers (D)
  2 anubis guards (D)
  A hornet (D)
  3 wolf spiders (D)
  3 deep elf magi (D)
  2 spiny frogs (D)
  2 komodo dragons (D)
  3 demonic crawlers (D)
  2 efreet (D)
  4 guardian mummies (D)
  A jumping spider (D)
  3 slime creatures (D)
  2 tarantellas (D)
  A yak (D)
  A human (shapeshifter) (D)
  A fire elemental (D)
  A basilisk (D)
  A golden eye (D)
  A hippogriff (D)
  A hell hound (D)
  A water moccasin (D)
  A giant frog (D)
  4 scorpions (D)
  A quasit (D)
  An iron imp (D)
  2 orc priests (D)
  2 iguanas (D)
  2 orc wizards (D)
  3 sheep (D)
  2 mummies (D)
  2 river rats (D)
  2 white imps (D)
  An ufetubus (D)
  An ooze (D)
  A jackal simulacrum (D)
  2 fire vortices (D)
74 creatures vanquished.

Vanquished Creatures (collateral kills)
  A spark wasp (D)
  A vault guard (D)
  A wolf spider (D)
  2 slime creatures (D)
  A vault sentinel (D)
  A jumping spider (D)
  A basilisk (D)
  A giant eyeball (D)
  An eye of draining (D)
  An iguana (D)
  A mummy (D)
  An ooze (D)
  A fire vortex (D)
14 creatures vanquished.

Vanquished Creatures (others)
  An orc wizard (D)
  An orc (D)
2 creatures vanquished.

Grand Total: 90 creatures vanquished

Notes
Turn   | Place    | Note
--------------------------------------------------------------
     0 | D        | Kidiri the Hill Orc Fighter began the quest for the Orb.
     0 | D        | Reached XP level 1. HP: 19/19 MP: 1/1
     0 | D        | Found a viscous altar of Jiyva.
     0 | D        | Found a roughly hewn altar of Beogh.
     0 | D        | Found a corrupted altar of Lugonu.
     0 | D        | Found a white marble altar of Elyvilon.
     0 | D        | Found a sparkling altar of Nemelex Xobeh.
     1 | D        | Found a burning altar of Makhleb.
     1 | D        | Found an iron altar of Okawaru.
     1 | D        | Found a deep blue altar of Sif Muna.
     1 | D        | Found a radiant altar of Vehumet.
     1 | D        | Found a bloodstained altar of Trog.
     1 | D        | Found a shimmering altar of Xom.
    68 | D        | Became a worshipper of Beogh the Brigand
    75 | D        | Reached skill level 5 in Axes
    75 | D        | Reached skill level 5 in Armour
    75 | D        | Reached skill level 1 in Dodging
    75 | D        | Reached skill level 5 in Shields
    75 | D        | Reached XP level 2. HP: 28/28 MP: 2/4
   102 | D        | Entered arena 1.
   102 | D        | Noticed a scorpion
   102 | D        | Noticed a scorpion
   104 | D        | Killed a scorpion
   104 | D        | Reached skill level 5 in Fighting
   104 | D        | Reached skill level 6 in Axes
   104 | D        | Reached XP level 3. HP: 36/36 MP: 5/5
   104 | D        | Reached XP level 4. HP: 42/42 MP: 6/6
   114 | D        | Entered arena 2.
   114 | D        | Noticed a jumping spider
   118 | D        | Reached * piety under Beogh
   118 | D        | Reached skill level 7 in Axes
   118 | D        | Reached XP level 5. HP: 50/50 MP: 8/8
   118 | D        | Reached skill level 5 in Invocations
   120 | D        | Killed a jumping spider
   120 | D        | Reached skill level 8 in Axes
   120 | D        | Reached XP level 6. HP: 58/58 MP: 8/10
   138 | D        | Entered arena 3.
   138 | D        | Noticed a guardian mummy
   138 | D        | Noticed a guardian mummy
   138 | D        | Noticed a guardian mummy
   141 | D        | Reached ** piety under Beogh
   143 | D        | Killed a guardian mummy
   143 | D        | Reached skill level 9 in Axes
   143 | D        | Reached XP level 7. HP: 66/66 MP: 10/12
   144 | D        | Killed a guardian mummy
   144 | D        | Reached skill level 10 in Axes
   147 | D        | Killed a guardian mummy
   147 | D        | Reached *** piety under Beogh
   147 | D        | Reached XP level 8. HP: 73/73 MP: 10/13
   166 | D        | Entered arena 4.
   170 | D        | Reached skill level 11 in Axes
   172 | D        | Reached **** piety under Beogh
   179 | D        | Got the ring "Hauff" {rF+ rC+ rN+ Str-3 Int+2}
   232 | D        | Entered arena 5.
   237 | D        | Reached ***** piety under Beogh
   237 | D        | Reached skill level 10 in Shields
   314 | D        | Entered arena 6.
   314 | D        | Noticed an efreet
   314 | D        | Noticed an efreet
   319 | D        | Killed an efreet
   319 | D        | Reached skill level 10 in Armour
   319 | D        | Reached skill level 5 in Dodging
   321 | D        | Killed an efreet
   321 | D        | Reached skill level 12 in Axes
   321 | D        | Reached XP level 9. HP: 43/81 MP: 13/15
   487 | D        | Entered arena 7.
   487 | D        | Noticed a vault warden
   487 | D        | Noticed a vault sentinel
   487 | D        | Noticed a deep elf archer
   487 | D        | Noticed a vault guard
   487 | D        | Noticed a vault guard
   487 | D        | Noticed a vault guard
   492 | D        | Killed a vault guard
   496 | D        | Killed a vault sentinel
   496 | D        | Reached skill level 13 in Axes
   496 | D        | Killed a vault guard
   496 | D        | Reached skill level 10 in Fighting
   496 | D        | Reached XP level 10. HP: 92/92 MP: 15/17
   498 | D        | Killed a vault guard
   498 | D        | Reached skill level 14 in Axes
   498 | D        | Reached skill level 10 in Invocations
   499 | D        | Killed a vault warden
   499 | D        | Reached ****** piety under Beogh
   503 | D        | Killed a deep elf archer
   577 | D        | Entered arena 8.
   577 | D        | Noticed an anubis guard
   577 | D        | Noticed a mummy priest
   577 | D        | Noticed an anubis guard
   582 | D        | Noticed a jiangshi
   584 | D        | Reached skill level 15 in Axes
   585 | D        | Killed an anubis guard
   586 | D        | Killed an anubis guard
   586 | D        | Reached XP level 11. HP: 49/101 MP: 19/19
   590 | D        | Killed a mummy priest
   823 | D        | Entered arena 9.
   853 | D        | Got the cursed +0 cloak "Toutyzon" {rF- rC+++ rN+ Slay+3}
   866 | D        | Got the +6 long sword "Newtslayer" {drain, +Rage rC- MR++ SInv}
   962 | D        | Entered arena 10.
   962 | D        | Noticed a deep elf archer
   962 | D        | Noticed a deep elf mage
   962 | D        | Noticed a deep elf mage
   962 | D        | Noticed a battleaxe of flaming
   962 | D        | Noticed a deep elf demonologist
   962 | D        | Noticed a deep elf mage
   962 | D        | Noticed a war axe of venom
   966 | D        | Killed a war axe of venom
   966 | D        | Reached skill level 16 in Axes
   969 | D        | Killed a deep elf mage
   969 | D        | Killed a deep elf mage
   971 | D        | Killed a deep elf mage
   972 | D        | Killed a deep elf demonologist
   975 | D        | Killed a battleaxe of flaming
   985 | D        | Killed a deep elf archer
   985 | D        | Reached skill level 17 in Axes
   994 | D        | Gained mutation: Armour fits poorly on your strangely shaped body. [mutagenic meat]
   995 | D        | Gained mutation: Your spells are a little harder to cast, but a little more powerful. [mutagenic meat]
  1019 | D        | Got the amulet "Retom" {Spirit *Corrode +Blink +Inv rF+}
  1143 | D        | Got the +7 mace "Orc's Foe" {holy, Str+3}
  1150 | D        | Entered arena 11.
  1154 | D        | Reached skill level 15 in Armour
  1154 | D        | Reached skill level 15 in Shields
  1158 | D        | Reached XP level 12. HP: 111/113 MP: 19/21
  1158 | D        | Gained Syrus as an ally
  1211 | D        | Entered arena 12.
  1270 | D        | Entered arena 13.
  1271 | D        | Noticed a spark wasp
  1280 | D        | Reached skill level 18 in Axes
  1282 | D        | Killed a spark wasp
  1285 | D        | Gained Boruk as an ally
  1503 | D        | Entered arena 14.
  1504 | D        | Noticed a crystal guardian
  1504 | D        | Noticed a crystal guardian
  1504 | D        | Noticed a crystal guardian
  1504 | D        | Noticed an iron dragon
  1504 | D        | Noticed a quicksilver dragon
  1504 | D        | Noticed a quicksilver dragon
  1505 | D        | Noticed an iron golem
  1505 | D        | Noticed an iron golem
  1505 | D        | Noticed an iron golem
  1511 | D        | Killed a crystal guardian
  1511 | D        | Killed a quicksilver dragon
  1511 | D        | Killed from afar by a crystal guardian

Vault maps used:
D:        sprint_v

Skill      XL: |  1  2  3  4  5  6  7  8  9 10 11 12 |
---------------+-------------------------------------+-----
Fighting       | 4 5 6 7 8 10 11 12 13 | 13.4
Axes           | 5 6 7 8 9 10 12 13 15 17 18 | 18.8
Armour         | 5 6 7 8 9 10 12 13 15 16 | 16.5
Dodging        | 1 2 3 4 5 6 7 8 9 |  9.5
Shields        | 5 6 7 8 9 10 12 13 15 16 | 16.5
Invocations    | 2 3 4 5 6 7 8 9 11 12 13 | 13.8

Action                   |  1- 3 |  4- 6 |  7- 9 | 10-12 || total
-------------------------+-------+-------+-------+-------++-------
Melee: Broad axe         |     1 |     7 |    28 |    74 ||   110
Invok: Recall Orcish Fol |       |       |       |     2 ||     2
       Give Item to Name |       |       |       |     2 ||     2
       Resurrection      |       |       |       |     1 ||     1
Evoke: Deck              |       |       |       |     1 ||     1
  Use: Potion            |     1 |       |       |     6 ||     7
       Scroll            |       |     1 |       |     1 ||     2
 Stab: Distracted        |       |       |       |     4 ||     4
       Confused          |       |       |       |     1 ||     1
  Eat: Chunk             |       |       |       |     4 ||     4
Armor: Plate armour      |     1 |     2 |     7 |    47 ||    57
Dodge: Dodged            |       |       |     2 |    21 ||    23
Block: Shield            |     1 |    10 |    38 |   130 ||   179
